 Dungeon Crawl Stone Soup version 0.21.1-1-g345015fe64 (webtiles) character file.

102 Naru the Insei (level 4, -5/36 HPs)
             Began as a Draconian Transmuter on June 12, 2018.
             Was an Initiate of Vehumet.
             Killed by divine providence
             ... invoked by an orc priest
              (13 damage)
             ... on level 3 of the Dungeon.
             The game lasted 00:05:55 (3048 turns).

Naru the Insei (Draconian Transmuter)               Turns: 3048, Time: 00:05:56

Health: -5/36      AC:  5    Str: 12    XL:     4   Next: 49%
Magic:  8/8        EV: 12    Int: 14    God:    Vehumet [......]
Gold:   101        SH:  0    Dex: 12    Spells: 7/8 levels left

rFire    . . .     SeeInvis .   j - +0 short sword
rCold    . . .     Gourm    .   (no shield)
rNeg     . . .     Faith    .   (armour unavailable)
rPois    .         Spirit   .   (helmet restricted)
rElec    .         Reflect  .   (no cloak)
rCorr    .         Harm     .   (no gloves)
MR       .....                  (no boots)
Stlth    +.........             (no amulet)
HPRegen  0.12/turn              (no ring)
MPRegen  0.11/turn              (no ring)

@: appendage (expiring)
A: unfitting armour, horns 2, cold-blooded, AC +5
a: End Transformation, Renounce Religion


You were on level 3 of the Dungeon.
You worshipped Vehumet.
Vehumet was noncommittal.
You were not hungry.
You had grown temporary horns.
You visited 1 branch of the dungeon, and saw 3 of its levels.

You collected 101 gold pieces.

Inventory:

Hand Weapons
 j - a +0 short sword (weapon)
 n - a +0 vampiric dagger
 o - a +3 hunting sling
Missiles
 a - 12 arrows
 m - 80 stones (quivered)
Scrolls
 e - 2 scrolls of identify {unknown}
 f - a scroll of enchant armour {unknown}
 g - 2 scrolls of enchant weapon {unknown}
 h - a scroll of fog {unknown}
 k - a scroll of noise {unknown}
Potions
 d - a potion of haste {unknown}
 i - 2 potions of lignification {unknown}
 l - a potion of flight {unknown}
Books
 b - a book of Changes

   Spells                             Type                      Level
   a - Beastly Appendage              Transmutation                1
   b - Sticks to Snakes               Transmutation                2
   c - Spider Form                    Transmutation/Poison         3
   d - Ice Form                       Ice/Transmutation            4
   e - Blade Hands                    Transmutation                5
Comestibles
 c - 4 rations


   Skills:
 * Level 2.2 Fighting
 + Level 0.8 Short Blades
   Level 0.2 Maces & Flails
 + Level 2.3 Dodging
 - Level 3.0 Unarmed Combat
 * Level 2.9 Spellcasting
 * Level 2.9 Transmutations


You had 7 spell levels left.
You knew the following spells:

 Your Spells              Type           Power        Failure   Level  Hunger
a - Beastly Appendage     Tmut           ##....       6%          1    #......


Dungeon Overview and Level Annotations

Branches:
Dungeon (3/15)

Altars:
Fedhas
Vehumet


Innate Abilities, Weirdness & Mutations

Your plain brown scales are hard. (AC +5)
You cannot fit into any form of body armour.
You are cold-blooded and may be slowed by cold attacks.
You have a pair of horns on your head.


Message History

The orc priest is moderately wounded.
Your transformation is almost over.
The orc priest closely misses you.
You closely miss the orc priest.
You headbutt the orc priest, but do no damage.
You tail-slap the orc priest.
The orc priest is severely wounded.
The orc priest looks braver for a moment.
You barely miss the orc priest.
The orc priest is severely wounded.
The orc priest closely misses you.
You hit the orc priest but do no damage.
The orc priest is severely wounded.
The orc priest misses you.
You closely miss the orc priest.
You tail-slap the orc priest, but do no damage.
The orc priest is severely wounded.
The orc priest calls down the wrath of Beogh upon you.
Beogh smites you!
You die...

#..............#...#
#..#####..##...#...#######
#..#[)(#.....#####........
#..#%?%#..##...#...#######
#..#![r#.......#..†.## #
#..#####..##...o.....# #
#...........#####...## ##
#.........#o# ##.## .#
#.###...###@# #.# .###
#.#.###.# #)#
...###.###.#.....# ##'##
....##........#### #...#
....######.#### #.....#
.##># #....#.## #.....%.#
.##.####†#.....#
#.........#
.................
+.........+
....####.##....##
#.........#


You could see an orc priest.

Vanquished Creatures
  An adder (D:2)
  A gnoll (D:1)
  2 oozes
  2 worms
  A dart slug (D:1)
  3 leopard geckos
  5 orcs
  6 giant cockroaches
  12 goblins
  7 hobgoblins
  2 quokkas
  2 ball pythons
  2 bats (D:1)
  2 frilled lizards
  7 kobolds
  A rat (D:1)
56 creatures vanquished.

Notes
Turn   | Place    | Note
-------+----------+-------------------------------------------
     0 | D:1      | Naru the Draconian Transmuter began the quest for the Orb.
     0 | D:1      | Reached XP level 1. HP: 16/16 MP: 3/3
    89 | D:1      | Reached XP level 2. HP: 10/23 MP: 0/5
   741 | D:1      | Reached XP level 3. HP: 29/29 MP: 4/6
  1996 | D:2      | Reached XP level 4. HP: 16/36 MP: 8/8
  2451 | D:2      | Found a radiant altar of Vehumet.
  2499 | D:2      | Found a blossoming altar of Fedhas.
  2547 | D:2      | Became a worshipper of Vehumet
  2602 | D:2      | Found a faded altar of an unknown god.
  3048 | D:3      | Killed from afar by an orc priest

Skill      XL: |  1  2  3 |
---------------+----------+-----
Fighting       | 2 |  2.2
Dodging        | 2 |  2.3
Short Blades   | |  0.8
Maces & Flails | |  0.2
Unarmed Combat | |  3.0
Spellcasting   | |  2.9
Transmutations | |  2.9

Action                   |  1- 3 |  4- 6 || total
-------------------------+-------+-------++-------
Melee: Unarmed           |    18 |       ||    18
       Kick              |    12 |     3 ||    15
       Tailslap          |    11 |    12 ||    23
       Dagger            |    40 |       ||    40
       Club              |    28 |       ||    28
       Short sword       |    66 |    81 ||   147
       Headbutt          |     3 |     6 ||     9
 Cast: Beastly Appendage |    16 |    11 ||    27
  Eat: Ration            |     1 |     1 ||     2
       Chunk             |     1 |       ||     1
Armor: Skin              |    73 |    23 ||    96
Dodge: Dodged            |   126 |    55 ||   181
